 Seeded DCSS version 0.31-a0-978-g1e14348 (webtiles) character file.

Game seed: 373095180316499826 (custom seed)

3026 brinewave the Cudgeller (level 9, -7/60 (61) HPs)
             Began as an Octopode Wanderer on Oct 29, 2023.
             Was an Initiate of Vehumet.
             Mangled by a wight
             ... wielding a +4 long sword
              (10 damage)
             ... on level 8 of the Dungeon.
             The game lasted 00:31:50 (7790 turns).

brinewave the Cudgeller (Octopode Wanderer)         Turns: 7790, Time: 00:31:51

HP:   -7/60 (61)    AC:  3    Str: 13    XL:     9   Next: 85%
MP:   25/25         EV: 14    Int: 25    God:    Vehumet [......]
Gold: 486           SH:  0    Dex:  9    Spells: 6/17 levels left

rFire   . . .        j - +5 mace "Killer Bee's Curse" {heavy, MP+9}
rCold   + . .        (no shield)
rNeg    + + .        b - +2 hat
rPois   .            u - amulet of magic regeneration
rElec   .            p - +6 ring of intelligence
rCorr   .            a - ring of see invisible
SInv    +            i - ring of willpower
Will    +....        m - ring of positive energy
Stlth   ++           r - ring of positive energy
HPRegen 0.30/turn    v - ring of protection from cold
MPRegen 0.59/turn    (no ring)
                     (no ring)

%: no passive effects
@: lightly drained
A: almost no armour, amphibious, 8 rings, camouflage 1, gelatinous body 1,
(nimble swimmer 1), tentacles
a: Renounce Religion


You were on level 8 of the Dungeon.
You worshipped Vehumet.
Vehumet was noncommittal.
You visited 2 branches of the dungeon, and saw 9 of its levels.

You collected 486 gold pieces.

Inventory:

Hand Weapons
 j - the +5 mace "Killer Bee's Curse" (weapon) {heavy, MP+9}
   (You found it on level 3 of the Dungeon)

   MP+9:      It affects your magic capacity (+9).
 t - a +3 short sword of speed
Missiles
 d - 68 stones
 k - 5 poisoned darts
 E - a curare-tipped dart
Armour
 b - a +2 hat (worn)
Jewellery
 a - a ring of see invisible (right tentacle)
 i - a ring of willpower (on tentacle)
 m - a ring of positive energy (on tentacle)
 p - a +6 ring of intelligence (left tentacle)
 r - a ring of positive energy (on tentacle)
 u - an amulet of magic regeneration (around mantle)
 v - a ring of protection from cold (on tentacle)
Wands
 y - a wand of light (2)
Scrolls
 g - 4 scrolls of teleportation
 l - a scroll of fog {unknown}
 z - a scroll of silence {unknown}
 B - a scroll of fear {unknown}
 C - a scroll of revelation {unknown}
Potions
 c - 4 potions of haste
 e - a potion of mutation {unknown}
 f - 2 potions of lignification {unknown}
 o - 4 potions of curing
 q - 2 potions of brilliance
 s - a potion of magic {unknown}
 w - 2 potions of might
 x - a potion of resistance {unknown}
 A - a potion of heal wounds {unknown}
 D - a potion of attraction {unknown}


   Skills:
 + Level 5.4 Fighting
 + Level 6.2 Maces & Flails
 + Level 5.4 Dodging
 - Level 1.3 Stealth
 + Level 4.9 Spellcasting
 - Level 2.1 Conjurations
 + Level 0.1 Fire Magic
 - Level 2.0 Earth Magic
 + Level 5.5 Poison Magic
 + Level 6.1 Evocations


You had 6 spell levels left.
You knew the following spells:

 Your Spells              Type           Power      Damage    Failure   Level
a - Sting                 Tmut/Pois      76%        1d6       2%          1
b - Stone Arrow           Conj/Erth      32%        3d9       11%         3
c - Olgreb's Toxic Radia  Pois           33%        N/A       9%          4
d - Ignite Poison         Fire/Tmut/Pois 15%        N/A       12%         3

Your spell library contained the following spells:

 Spells                   Type           Power      Damage    Failure   Level
 Poisonous Vapours        Pois/Air       38%        N/A       4%          2
 Kiss of Death            Conj/Necr      44%        2d8       5%          1
 Freeze                   Ice            24%        1d4       9%          1
 Hailstorm                Conj/Ice       11%        3d5       16%         3
 Confusing Touch          Hex            6%         N/A       26%         3
 Frozen Ramparts          Ice            12%        1d2       26%         3
 Dispel Undead            Necr           6%         3d8       63%         4
 Passage of Golubria      Tloc           6%         N/A       63%         4
 Spellforged Servitor     Conj/Summ      5%         N/A       100%        7
 Lehudib's Crystal Spear  Conj/Erth      8%         10d3      100%        8
 Animate Armour           Summ/Erth      Unusable   N/A       N/A         4

Dungeon Overview and Level Annotations

Branches:
Dungeon (8/15)             Temple (1/1) D:7
   Lair: D:8-11

Altars:
Ashenzari
Dithmenos
Elyvilon
Gozag
Kikubaaqudgha
Okawaru
Qazlal
Ru
Sif Muna
Trog
Uskayaw
Vehumet
Wu Jian
Xom
Yredelemnul

Shops:
D:1 [   D:6 *

Annotations:
D:6 exclusion: steam dragon


Innate Abilities, Weirdness & Mutations

You cannot wear most types of armour.
You are amphibious.
You can wear up to eight rings at the same time.
Your skin changes colour to match your surroundings (Stealth+).
Your rubbery body absorbs attacks. (AC +1, EV +1)
((You are camouflaged when in or above water. (Stealth+)))
You have tentacles for arms and can constrict up to eight enemies at once.


Message History

You start memorising the spell.
You continue memorising. x3
You finish memorising.
Spell assigned to 'd'.
Okay, then.
Okay, then.
Done exploring.
Things that are here:
a +0 hand axe; a +0 robe
Things that are here:
a +0 scimitar of flaming; +0 steam dragon scales
There is a stone staircase leading up here.
Things that are here:
a +0 dagger; a +0 robe; a +0 dagger
There is a stone staircase leading down here.
You climb downwards.
Found 2 stones.
There is a stone staircase leading up here.
The wight hits you from afar with a +0 halberd!
You partially resist.
You feel drained. The wight hits you with a +0 halberd!
You hit the wight but do no damage. Your grab misses the wight.
The wight barely misses you. The wight hits you with a +0 halberd!
You sock the wight! You grab the wight.
The wight is almost destroyed.
You constrict the wight, but do no damage.
The wight hits you with a +0 halberd!
* * * LOW HITPOINT WARNING * * *
You partially resist.
You feel drained.
* * * LOW HITPOINT WARNING * * *
The wight hits you with a +0 halberd!
* * * LOW HITPOINT WARNING * * *
You sock the wight!
You destroy the wight!
Vehumet accepts your kill. The wight barely misses you.
You thump the wight! Your grab misses the wight. Your squeeze misses the wight.
The wight is almost destroyed.
The wight hits you with a +4 long sword.
* * * LOW HITPOINT WARNING * * *
The wight hits you with a +4 long sword!
You die...

#........#####
......####.##.#......#
..............###...#...
...........#### ......##
...........# #.#....#
...........### #....).#
........(z. .##...#....
#.....###..#.#......
#.<.)@z.......
#####..#......
........#.. ####.......
......##. ♣..##.# ♣.##
.# ♣.# .


You could see a wight.

Vanquished Creatures
  Maggie (D:7)
  The ghost of dontdoit the Firebug, an amateur KoCA of Ignis (D:4)
  A wyvern (D:6)
  Edmund (D:6)
  2 water moccasins (D:7)
  An ice beast (D:5)
  An ogre (D:6)
  A kobold brigand (D:7)
  2 bullfrogs
  4 scorpions
  12 wights
  3 jellies
  2 orc priests
  5 hounds
  2 gnoll boudas (D:7)
  An iguana (D:5)
  3 sleepcaps
  5 orc wizards
  10 gnolls
  6 adders
  3 white imps
  2 ufetubi (D:5)
  2 dart slugs (D:4)
  12 orcs
  7 ball pythons
  5 bats
  6 endoplasms
  7 giant cockroaches
  6 goblins
  7 hobgoblins
  3 jackals (D:1)
  10 kobolds
  3 quokkas
  6 frilled lizards
  A rat (D:1)
144 creatures vanquished.

Notes
Turn   | Place    | Note
-------+----------+-------------------------------------------
     0 | D:1      | brinewave the Octopode Wanderer began the quest for the
                  | Orb.
     0 | D:1      | brinewave set off with the following items: a +2 mace, a +0
                  | hat, a potion of haste; and the following spell memorised:
                  | Sting; and the following spells available to memorise:
                  | Ignite Poison.
     0 | D:1      | Reached XP level 1. HP: 13/13 MP: 2/2
   214 | D:1      | Reached XP level 2. HP: 18/18 MP: 3/3
   238 | D:1      | Found Uxator's Armour Boutique.
   785 | D:1      | Found a faded altar of an unknown god.
   803 | D:1      | Got the Incunable of the Geometric Swarm
   885 | D:2      | Noticed a scorpion
   898 | D:2      | Reached XP level 3. HP: 19/23 MP: 2/5
  1244 | D:2      | Reached XP level 4. HP: 25/29 MP: 4/6
  1254 | D:2      | Found a stormy altar of Qazlal.
  1547 | D:2      | Killed a scorpion
  1548 | D:2      | Reached XP level 5. HP: 14/34 MP: 3/7
  1937 | D:3      | Identified the +5 mace "Killer Bee's Curse" {heavy, MP+9}
  2040 | D:3      | Found an ornate altar of the Wu Jian Council.
  2301 | D:3      | Found an iron altar of Okawaru.
  2778 | D:4      | Reached XP level 6. HP: 32/40 MP: 9/9
  3076 | D:4      | Found a sacrificial altar of Ru.
  3167 | D:4      | Found a shadowy altar of Dithmenos.
  3211 | D:4      | Found an ancient bone altar of Kikubaaqudgha.
  3213 | D:4      | Found a basalt altar of Yredelemnul.
  3216 | D:4      | Found a broken altar of Ashenzari.
  3238 | D:4      | Found a large runed translucent door.
  3238 | D:4      | Found a large runed translucent door.
  3240 | D:4      | Noticed dontdoit's ghost (amateur KoCA)
  3487 | D:4      | Reached XP level 7. HP: 38/45 MP: 10/10
  3519 | D:4      | Found a stormy altar of Qazlal.
  3638 | D:5      | Entered Level 5 of the Dungeon
  4133 | D:5      | Found a white marble altar of Elyvilon.
  4609 | D:6      | Noticed a steam dragon
  4700 | D:6      | Reached XP level 8. HP: 52/52 MP: 12/12
  5156 | D:6      | Reached skill level 5 in Maces & Flails
  5373 | D:6      | Noticed Edmund
  5380 | D:6      | Killed Edmund
  5381 | D:6      | Reached skill level 5 in Evocations
  5625 | D:6      | Found Var Zefut's Fire Supplies.
  5639 | D:6      | Reached skill level 5 in Poison Magic
  6090 | D:6      | Reached XP level 9. HP: 56/58 MP: 15/15
  6280 | D:4      | Killed dontdoit's ghost
  6470 | D:7      | Found a staircase to the Ecumenical Temple.
  6477 | D:7      | Identified the +0 leather armour "Ashrenet" {rPois rF-
                  | Dex+3 Slay+3}
  6485 | Temple   | Entered the Ecumenical Temple
  6535 | Temple   | Became a worshipper of Vehumet
  6561 | D:7      | Learned a level 3 spell: Stone Arrow
  6853 | D:7      | Reached skill level 5 in Dodging
  6853 | D:7      | Reached skill level 1 in Conjurations
  6877 | D:7      | Reached skill level 1 in Earth Magic
  6879 | D:7      | Reached skill level 5 in Fighting
  7212 | D:7      | Noticed Maggie
  7675 | D:7      | Killed Maggie
  7741 | D:7      | Learned a level 4 spell: Olgreb's Toxic Radiance
  7745 | D:7      | Learned a level 3 spell: Ignite Poison
  7790 | D:8      | HP: 3/60 [wight/+4 long sword (4)]
  7790 | D:8      | Mangled by a wight

Illustrated notes

Levels and vault maps discovered:
D:1:      dpeg_arrival_water_temple_mockup, layout_loops_ring, serial_shops,
          shop, basic_ecumenical_altar
D:2:      layout_basic, basic_altar
D:3:      layout_rooms, okawaru_metal_pillars_1_2, mainiacjoe_overflow_catwalk
D:4:      layout_cave_pools, nicolae_ru_great_annihilating_truth,
          lemuel_coloured_pillars_altar, nicolae_dithmenos_the_darkroom,
          grunt_temple_overflow_open, ebering_ghost_disaster_area
D:5:      layout_cave_pools, elyvilon_altar_5, bh_walls_and_bars
D:6:      layout_cave_pools, nicolae_shop_fire_sale [nicolae_sub_dead_trees],
          nicolae_concentric_dashed_squares_mild, uniq_edmund
D:7:      layout_rooms, minmay_temple_entry_mist, uniq_maggie
D:8:      layout_rooms, chei_slow_surprise, marbit_many_paths,
          mainiacjoe_overflow_24_doors, mainiacjoe_overflow_large_starburst,
          nrook_mini_vaults
Temple:   nicolae_temple_bog_church

Skill      XL: |  1  2  3  4  5  6  7  8  9 |
---------------+----------------------------+-----
Poison Magic   | 2 3 4 5 |  5.5
Fighting       | 2 3 4 5 |  5.4
Dodging        | 2 3 4 5 |  5.4
Evocations     | 3 4 5 6 |  6.1
Spellcasting   | 2 3 4 |  4.9
Maces & Flails | 4 5 6 |  6.2
Conjurations   | 2 |  2.1
Earth Magic    | 2 |  2.0
Stealth        | |  1.3
Fire Magic     | |  0.1

Action                     |  1- 3 |  4- 6 |  7- 9 || total
---------------------------+-------+-------+-------++-------
  Melee: Mace              |    53 |    79 |   154 ||   286
         Tentacles         |     5 |    11 |    27 ||    43
         Constrict         |    10 |    18 |    35 ||    63
         Punch             |       |       |     3 ||     3
  Throw: Stone             |       |     3 |     3 ||     6
         Dart              |       |     3 |     6 ||     9
   Cast: Sting             |    27 |    22 |    16 ||    65
  Evoke: Wand              |       |       |     6 ||     6
    Use: Scroll            |     3 |     1 |     8 ||    12
   Stab: Sleeping          |     6 |     4 |     2 ||    12
 Armour: Skin              |    24 |    60 |   152 ||   236
  Dodge: Dodged            |    28 |    62 |   164 ||   254

Table legend: (Time is in decaauts)
 A = Elapsed time spent in this place.
 B = Non-inter-level travel time spent in this place.
 C = Inter-level travel time spent in this place.
 D = Time resting spent in this place.
 E = Time spent auto-exploring this place.
 F = Levels seen in this place.
 G = Mean time per level.
                   A        B        C        D        E       F      G
               +--------+--------+--------+--------+--------+-----+--------+
         Total |   7976 |   7569 |    407 |   2627 |   3162 |   9 |  886.2 |
       Dungeon |   7905 |   7529 |    376 |   2627 |   3134 |   8 |  988.1 |
        Temple |     70 |     39 |     31 |      0 |     28 |   1 |   70.0 |
               +--------+--------+--------+--------+--------+-----+--------+

Top non-repeatable levels by time:
     D:6: 1868 daAuts
     D:5: 1213 daAuts
     D:4: 1086 daAuts
     D:2: 1016 daAuts
     D:7: 904 daAuts
     D:3: 894 daAuts
     D:1: 882 daAuts
  Temple: 70 daAuts
     D:8: 39 daAuts
